 Dungeon Crawl Stone Soup version 0.19-a0-1849-g2383789 (webtiles) character file.

34 Firebatgyro the Skirmisher (level 3, -2/29 HPs)
             Began as a Demonspawn Wanderer on Oct 9, 2016.
             Slain by Grinder (6 damage)
             ... on level 3 of the Dungeon.
             The game lasted 00:01:58 (892 turns).

Firebatgyro the Skirmisher (Demonspawn Wanderer)     Turns: 892, Time: 00:01:59

Health: -2/29      AC:  5    Str: 12    XL:     3   Next: 14%
Magic:  0/3        EV: 10    Int: 13    God:
Gold:   69         SH:  0    Dex: 13    Spells: 0 memorised, 2 levels left

rFire  . . .     SeeInvis .     a - +2 shortbow
rCold  . . .     Gourm    .     c - +0 ring mail
rNeg   . . .     Faith    .     (shield currently unavailable)
rPois  .         Spirit   +     (no helmet)
rElec  .         Dismiss  .     (no cloak)
rCorr  .         Reflect  .     (no gloves)
MR     .....     Harm     .     (no boots)
Stlth  +.........               (no amulet)
                                (no ring)
                                (no ring)

@: no status effects
A: hooves 1, magic shield
a: no special abilities


You were on level 3 of the Dungeon.
You were not hungry.

You visited 1 branch of the dungeon, and saw 3 of its levels.

You collected 69 gold pieces.

Inventory:

Hand Weapons
 a - a +2 shortbow (weapon)
Missiles
 b - 4 arrows (quivered)
 l - 4 tomahawks
Armour
 c - a +0 ring mail (worn)
Scrolls
 g - a scroll of teleportation {unknown}
 h - a scroll of fear {unknown}
 i - a scroll of magic mapping {unknown}
 j - a scroll of remove curse {unknown}
 k - a scroll of blinking {unknown}
 m - a scroll of identify {unknown}
Potions
 d - a potion of lignification
 e - a potion of degeneration {unknown}
Comestibles
 f - 2 bread rations


   Skills:
 + Level 3.6 Fighting
   Level 1.0 Staves
 + Level 2.6 Bows
 - Level 1.0 Throwing
 - Level 1.7 Armour
 - Level 1.0 Stealth


You had 2 spell levels left.
You didn't know any spells.

Dungeon Overview and Level Annotations

Branches:
Dungeon (3/15)

Altars:

Annotations:
D:2 Robin
D:3 Grinder


Innate Abilities, Weirdness & Mutations

You have large cloven feet.
When hurt, damage is shared between your health and your magic reserves.


Message History

You shoot an arrow. The arrow hits Grinder.
Grinder is lightly wounded.
Grinder gestures at you. Pain shoots through your body!
Firing (i - inventory. (,) - cycle):
b - 6 arrows (quivered)
Press: ? - help, Shift-Dir - straight line, f/p - Grinder
Aim: Grinder (lightly wounded)
You shoot an arrow. The arrow hits Grinder.
Grinder is lightly wounded.
Grinder gestures at you. You resist with significant effort.
Firing (i - inventory. (,) - cycle):
b - 5 arrows (quivered)
Press: ? - help, Shift-Dir - straight line, f/p - Grinder
Aim: Grinder (lightly wounded)
You shoot an arrow. The arrow hits Grinder.
Grinder is moderately wounded.
Grinder hits you.
* * * LOW HITPOINT WARNING * * *
You writhe in agony.
You die...

#..........#.#
####..##.#####.#
#....)##.#####.###
#.##<†...........#
.. #####.#########
## #...#
##..######
#........#
###@####.#
.......5#
.###.#..# # #..#
(.(. .#### ( #


You could see Grinder.

Vanquished Creatures
  A worm (D:2)
  A dart slug (D:2)
  2 leopard geckos (D:2)
  A giant cockroach (D:2)
  5 goblins
  4 hobgoblins
  4 jackals (D:2)
  A kobold (D:2)
  2 bats
  3 rats
24 creatures vanquished.

Notes
Turn   | Place    | Note
-------+----------+-------------------------------------------
     0 | D:1      | Firebatgyro the Demonspawn Wanderer began the quest for the Orb.
     0 | D:1      | Firebatgyro set off with: a +2 shortbow, 22 arrows, a +0 ring mail, a potion of lignification, a bread ration
     0 | D:1      | Reached XP level 1. HP: 18/18 MP: 1/1
   203 | D:1      | You fall through a shaft!
   216 | D:2      | Gained mutation: You have large cloven feet. [demonic ancestry]
   216 | D:2      | Reached XP level 2. HP: 16/24 MP: 2/2
   652 | D:2      | Gained mutation: When hurt, damage is shared between your health and your magic reserves. [demonic ancestry]
   652 | D:2      | Reached XP level 3. HP: 28/29 MP: 3/3
   733 | D:2      | Noticed Robin
   886 | D:3      | Noticed Grinder
   892 | D:3      | Slain by Grinder

Vault maps used:
D:1:      dpeg_arrival_arbitrary_b
D:2:      hangedman_decor_riveting, minmay_hedge_maze, uniq_robin
D:3:      marbit_many_paths, nicolae_overflow_crystal_walls, first_bread,
          grunt_gozag_breadcrumbs, uniq_grinder

Skill      XL: |  1 |
---------------+----+-----
Bows           | 2 |  2.6
Fighting       | |  3.6
Staves         | |  1.0
Throwing       | |  1.0
Armour         | |  1.7
Stealth        | |  1.0

Action                   || total
-------------------------++-------
Melee: Unarmed           ||    29
       Kick              ||     7
 Fire: Shortbow          ||    86
Armor: Ring mail         ||    29
Dodge: Dodged            ||    35
